 Dungeon Crawl Stone Soup version 0.31-a0-981-geadf994542 (webtiles) character file.

Game seed: 13367749636067463323

2249 Persephone the Mimic (level 9, -3/78 (79) HPs)
             Began as a Purple Draconian Shapeshifter on Nov 1, 2023.
             Slain by a komodo dragon (27 damage)
             ... on level 7 of the Dungeon.
             The game lasted 00:07:54 (5138 turns).

Persephone the Mimic (DrSh)                         Turns: 5138, Time: 00:07:54

HP:   -3/78 (79)    AC:  9    Str: 25    XL:     9   Next: 15%
MP:   9/9           EV: 10    Int: 11    God:
Gold: 703           SH:  0    Dex: 11    Spells: 8/8 levels left

rFire   + .          .
                       - Unarmed
rCold   + . .        (shield currently unavailable)
rNeg    . . .        (body armour unavailable)
rPois   +            (helmet currently unavailable)
rElec   +            (cloak currently unavailable)
rCorr   +            (gloves currently unavailable)
SInv    .            (boots currently unavailable)
Will    +....        f - amulet of regeneration
Stlth   +            l - ring of poison resistance
HPRegen 1.13/turn    (no ring)
MPRegen 0.11/turn

%: no passive effects
@: brilliant, about to teleport, snake-form, resistant, lightly drained
A: constrict, boosted hp, (breathe power), AC +7, large, unfitting armour,
(cold-blooded)
a: Begin Untransformation


You were on level 7 of the Dungeon.
You were an enormous anaconda.
You visited 1 branch of the dungeon, and saw 7 of its levels.
You also visited: Sewer.

You collected 703 gold pieces.

Inventory:

Missiles
 n - a silver javelin (quivered)
 A - 8 boomerangs
Armour
 v - a +1 troll leather armour {Pargi}
 w - a +1 pair of gloves of strength
 z - a +0 buckler
Jewellery
 f - an amulet of regeneration (around neck)
 l - a ring of poison resistance (left hand)
Talismans
 b - a beast talisman
 c - a flux talisman
 y - a serpent talisman (active)
Wands
 g - a wand of acid (5)
Scrolls
 h - a scroll of immolation
 i - a scroll of identify
 m - a scroll of revelation
 o - a scroll of teleportation
 q - 4 scrolls of amnesia
 x - a scroll of poison
Potions
 a - 2 potions of lignification
 e - a potion of cancellation
 j - a potion of attraction {unknown}
 k - 2 potions of mutation {unknown}
 p - a potion of invisibility {unknown}
 r - a potion of curing {unknown}
 s - 2 potions of resistance
 C - a potion of brilliance


   Skills:
 + Level 1.6 Fighting
 - Level 1.7 Dodging
 * Level 7.0 Unarmed Combat
 + Level 10.0 Shapeshifting


You had 8 spell levels left.
You didn't know any spells.
Your spell library contained the following spells:

 Spells                   Type           Power      Damage    Failure   Level
 Foxfire                  Conj/Fire      0%         2x1d4     34%         1
 Blink                    Tloc           0%         N/A       47%         2
 Lesser Beckoning         Tloc           0%         N/A       47%         2
 Sublimation of Blood     Necr           0%         N/A       47%         2
 Wereblood                Tmut           0%         N/A       47%         2
 Dazzling Flash           Conj/Hex       0%         N/A       71%         3
 Gell's Gravitas          Tloc           0%         N/A       71%         3
 Stone Arrow              Conj/Erth      0%         3d7       71%         3
 Teleport Other           Tloc           0%         N/A       71%         3
 Agony                    Necr           0%         N/A       100%        5
 Silence                  Hex/Air        0%         N/A       100%        5
 Summon Hydra             Summ           0%         N/A       100%        7
 Lehudib's Crystal Spear  Conj/Erth      0%         10d2      100%        8


Dungeon Overview and Level Annotations

Branches:
Dungeon (7/15)              Sewer (visited)
 Temple: D:4-7

Altars:
Dithmenos
Qazlal
Wu Jian


Innate Abilities, Weirdness & Mutations

You are an enormous anaconda.
You have a powerful constriction melee attack.
Your maximum health is increased.
Your armour is entirely melded.
You are incapable of wielding weapons or throwing items.
((You can breathe bolts of dispelling energy.))
((Your rich purple scales are hard. (AC +7)))
You cannot fit into any form of body armour.
((You are cold-blooded and may be slowed by cold attacks.))


Message History

You feel clever all of a sudden.
A komodo dragon comes into view.
The komodo dragon hisses angrily.
A cyclops comes into view.
The steam dragon hisses angrily.
You hear a howl!
The steam dragon barely misses you.
The steam dragon claws you but does no damage.
You hear a shout!
It was a potion of magic.
Magic courses through your body.
The steam dragon bites you but does no damage.
The steam dragon claws you but does no damage.
A howler monkey comes into view.
Okay, then.
You lash the steam dragon! Your grab misses the steam dragon.
The steam dragon is severely wounded.
The steam dragon breathes steam at you. The ball of steam hits you!
* * * LOW HITPOINT WARNING * * *
You hear a shout!
You hit the steam dragon. Your grab misses the steam dragon.
The steam dragon is severely wounded.
You are engulfed in a cloud of scalding steam.
* * * LOW HITPOINT WARNING * * *
The steam dragon barely misses you.
The steam dragon claws you but does no damage.
It was a potion of resistance.
You feel protected.
You barely miss the komodo dragon. You grab the komodo dragon.
You constrict the komodo dragon. The komodo dragon barely misses you.
Okay, then.
As you read the scroll of teleportation, it crumbles to dust.
You feel strangely unstable.
You constrict the komodo dragon. The komodo dragon bites you.
* * * LOW HITPOINT WARNING * * *
You hit the komodo dragon but do no damage.
The komodo dragon is lightly wounded.
You constrict the komodo dragon.
The komodo dragon hisses menacingly.
The komodo dragon bites you!!
You die...

# #.###
#....###
$##.##...##
........ยง.#
..###S..#
#.Dl#..#
##$h#..#
#.#.#..#
#:###..##
#C# .#.# ..#
..#.# .# .#
#$# C# ..#


You could see a cyclops, a komodo dragon, a steam dragon and a howler monkey.

Vanquished Creatures
  Prince Ribbit (D:6)
  Eustachio (D:4)
  Menkaure (D:4)
  Edmund (D:6)
  A steam dragon (D:6)
  A water moccasin (D:4)
  Duvessa (D:6)
  Pargi (Sewer)
  An ogre (D:6)
  A phantom (D:6)
  A gnoll sergeant (D:6)
  Blork the orc (D:6)
  3 scorpions
  Dowan (D:6)
  2 howler monkeys
  3 hounds
  2 jellies
  2 orc priests (D:6)
  Jessica (D:2)
  2 sleepcaps (D:6)
  2 iguanas (D:6)
  3 orc wizards
  9 adders
  7 gnolls
  2 worms (D:2)
  A dart slug (D:2)
  16 orcs
  8 endoplasms
  2 giant cockroaches
  13 goblins
  5 hobgoblins
  4 quokkas
  4 ball pythons
  7 bats
  3 frilled lizards
  6 kobolds
  5 rats
125 creatures vanquished.

Notes
Turn   | Place    | Note
-------+----------+-------------------------------------------
     0 | D:1      | Persephone the Draconian Shapeshifter began the quest for
                  | the Orb.
     0 | D:1      | Reached XP level 1. HP: 16/16 MP: 1/1
   142 | D:1      | Reached XP level 2. HP: 21/23 MP: 2/2
   428 | D:2      | Identified the "Omeg"
   488 | D:2      | Reached XP level 3. HP: 24/28 MP: 3/3
   838 | D:2      | Noticed Jessica
   840 | D:2      | Killed Jessica
   841 | D:2      | Reached skill level 4 in Shapeshifting
   841 | D:2      | Reached XP level 4. HP: 35/35 MP: 4/4
  1343 | D:3      | Reached XP level 5. HP: 40/40 MP: 5/5
  2196 | D:4      | Noticed Menkaure
  2199 | D:4      | Killed Menkaure
  2200 | D:4      | Reached skill level 5 in Unarmed Combat
  2200 | D:4      | Reached skill level 5 in Shapeshifting
  2200 | D:4      | Reached XP level 6. HP: 26/47 MP: 6/6
  2293 | D:4      | Found a shadowy altar of Dithmenos.
  2304 | D:4      | Found an ornate altar of the Wu Jian Council.
  2305 | D:4      | Noticed Eustachio
  2329 | D:4      | Killed Eustachio
  2706 | D:4      | Noticed a water moccasin
  2716 | D:4      | Killed a water moccasin
  2717 | D:4      | Your scales start taking on a rich purple colour.
  2717 | D:4      | Reached XP level 7. HP: 30/52 MP: 7/7
  2896 | D:4      | Reached skill level 6 in Shapeshifting
  3075 | D:5      | Identified the "Icusugaa"
  3075 | D:5      | Entered Level 5 of the Dungeon
  3211 | D:5      | Found a stormy altar of Qazlal.
  3390 | D:5      | Found a glowing drain.
  3404 | Sewer    | Entered a sewer
  3521 | Sewer    | Noticed Pargi
  3532 | Sewer    | Killed Pargi
  3931 | D:6      | Noticed Blork the orc
  3938 | D:6      | Killed Blork the orc
  3967 | D:6      | Reached skill level 7 in Shapeshifting
  3977 | D:6      | Reached XP level 8. HP: 40/59 MP: 8/8
  4025 | D:6      | Noticed Prince Ribbit
  4034 | D:6      | Killed Prince Ribbit
  4125 | D:6      | Reached skill level 8 in Shapeshifting
  4191 | D:6      | Noticed Edmund
  4202 | D:6      | Killed Edmund
  4203 | D:6      | Reached skill level 9 in Shapeshifting
  4244 | D:6      | Noticed Dowan
  4259 | D:6      | Killed Dowan
  4272 | D:6      | Noticed Duvessa
  4282 | D:6      | Killed Duvessa
  4283 | D:6      | Reached XP level 9. HP: 28/64 MP: 9/9
  4428 | D:6      | Reached skill level 10 in Shapeshifting
  5129 | D:7      | Noticed a komodo dragon
  5129 | D:7      | Noticed a cyclops
  5138 | D:7      | Slain by a komodo dragon

Illustrated notes

Levels and vault maps discovered:
D:1:      spicycebolla_arrival_clurvy, layout_rooms
D:2:      layout_basic, kennysheep_jessica_study
D:3:      layout_basic, nrook_loot_triangle, uniq_jessica
D:4:      layout_basic, amcnicky_altar_gilded,
          mainiacjoe_overflow_cross_hatched, minmay_small_thing, uniq_eustachio,
          uniq_menkaure
D:5:      layout_loops_cross, grunt_qazlal_sundering, portal_sewer_entry_a,
          kennysheep_generic_room_6
D:6:      minmay_polygon_palace, layout_basic, uniq_blork_the_orc,
          uniq_prince_ribbit1, uniq_duvessa, uniq_edmund
D:7:      layout_loops_ring, gammafunk_temple_overflow_elements,
          minmay_temple_entry_arrows, minmay_manual_mail,
          uniq_crazy_yiuf_cottage

Skill      XL: |  1  2  3  4  5  6  7  8  9 |
---------------+----------------------------+-----
Unarmed Combat | 4 5 6 7 |  7.0
Shapeshifting  | 4 5 7 9 10 | 10.0
Fighting       | |  1.6
Dodging        | |  1.7

Action                     |  1- 3 |  4- 6 |  7- 9 || total
---------------------------+-------+-------+-------++-------
  Melee: Unarmed           |    81 |    64 |   167 ||   312
         Tailslap          |     8 |     9 |    10 ||    27
         Punch             |     1 |     7 |     4 ||    12
         Constrict         |       |       |    25 ||    25
  Throw: Javelin           |     6 |    30 |     1 ||    37
Ability: Breathe Dispellin |       |       |     4 ||     4
    Use: Scroll            |       |     9 |     7 ||    16
         Potion            |       |       |     3 ||     3
   Stab: Sleeping          |     1 |       |       ||     1
 Armour: Skin              |    48 |    39 |   107 ||   194
  Dodge: Dodged            |    40 |    47 |    83 ||   170
   Form: Anaconda          |       |       |     1 ||     1

Table legend: (Time is in decaauts)
 A = Elapsed time spent in this place.
 B = Non-inter-level travel time spent in this place.
 C = Inter-level travel time spent in this place.
 D = Time resting spent in this place.
 E = Time spent auto-exploring this place.
 F = Levels seen in this place.
 G = Mean time per level.
                   A        B        C        D        E       F      G
               +--------+--------+--------+--------+--------+-----+--------+
         Total |   5127 |   4921 |    206 |      0 |   4119 |   8 |  640.9 |
       Dungeon |   4978 |   4772 |    206 |      0 |   4016 |   7 |  711.1 |
         Sewer |    148 |    148 |      0 |      0 |    103 |   1 |  148.0 |
               +--------+--------+--------+--------+--------+-----+--------+

Top non-repeatable levels by time:
     D:6: 1154 daAuts
     D:3: 1038 daAuts
     D:4: 1024 daAuts
     D:5: 703 daAuts
     D:2: 592 daAuts
     D:1: 425 daAuts
   Sewer: 148 daAuts
     D:7: 39 daAuts
